 Dungeon Crawl Stone Soup version 0.29.1-12-g30fa7ad0bf (webtiles) character file.

Game seed: 5405394036717154073

333 MisterFreud the Twirler (level 6, -7/44 HPs)
             Began as a Formicid Gladiator on Jan 5, 2023.
             Killed from afar by Dowan (24 damage)
             ... with a shard of ice
             ... on level 4 of the Dungeon.
             The game lasted 00:04:58 (3420 turns).

MisterFreud the Twirler (Formicid Gladiator)        Turns: 3420, Time: 00:05:00

Health: -7/44      AC: 10    Str: 18    XL:     6   Next: 82%
Magic:  6/6        EV:  8    Int:  8    God:
Gold:   189        SH:  0    Dex: 17    Spells: 5/5 levels left

rFire   . . .      SeeInvis +   a - +0 quarterstaff (venom)
rCold   . . .      Faith    .   (no shield)
rNeg    . . .      Spirit   .   s - +0 chain mail
rPois   .          Reflect  .   (helmet unavailable)
rElec   .          Harm     .   g - scarf {+Inv}
rCorr   .          Rampage  .   p - +0 pair of gloves
Will    .....                   (no boots)
Stlth   ..........              (no amulet)
HPRegen 0.14/turn               (no ring)
MPRegen 0.10/turn               (no ring)

@: no status effects
A: permanent stasis, dig shafts and tunnels, antennae 3, four strong arms
a: Dig, Shaft Self, Evoke Invisibility


You were on level 4 of the Dungeon.
You visited 1 branch of the dungeon, and saw 4 of its levels.

You collected 189 gold pieces.

Inventory:

Hand Weapons
 a - a +0 quarterstaff of venom (weapon)
Missiles
 c - 3 throwing nets (quivered)
 d - a javelin
Armour
 b - a +1 leather armour
 g - a scarf of invisibility (worn)
 p - a +0 pair of gloves (worn)
 s - a +0 chain mail (worn)
Jewellery
 l - a ring of resist corrosion
 r - a ring of fire
Wands
 q - a wand of mindburst (1)
Scrolls
 j - 2 scrolls of magic mapping
 k - 2 scrolls of enchant armour
Potions
 e - a potion of berserk rage {unknown}
 f - a potion of brilliance {unknown}
 h - a potion of lignification {unknown}
 i - a potion of attraction {unknown}
 m - a potion of invisibility {unknown}
 n - 3 potions of curing
 o - a potion of mutation {unknown}


   Skills:
 - Level 2.1 Fighting
 - Level 6.0 Staves
 - Level 2.0 Throwing
 + Level 2.4 Armour
 - Level 2.6 Dodging
 + Level 2.8 Evocations


You had 5 spell levels left.
You didn't know any spells.
Your spell library was empty.

Dungeon Overview and Level Annotations

Branches:
Dungeon (4/15)
 Temple: D:4-7

Altars:
Dithmenos
Kikubaaqudgha
Makhleb
Nemelex Xobeh
Okawaru

Shops:
D:3 [

Annotations:
D:4 Dowan


Innate Abilities, Weirdness & Mutations

You cannot be hasted, slowed, berserked, paralysed or teleported.
You can dig through walls and to a lower floor.
You have a pair of large antennae on your head. (SInv)
Your four strong arms can wield two-handed weapons with a shield.


Message History

Duvessa is severely wounded.
Duvessa hits you with a +0 short sword. Dowan hits you but does no damage.
You hit Duvessa.
Duvessa is almost dead.
Duvessa hits you with a +0 short sword. Dowan closely misses you.
You thump Duvessa!
You kill Duvessa!
Dowan screams, "No!
No!"
Dowan seems to find hidden reserves of power!
Dowan hits you with a +0 dagger.
Dowan gestures wildly while chanting.
Dowan blinks!
Your Armour skill increases to level 2!
Your Evocations skill increases to level 2!
There is a stone staircase leading up here.
Dowan closely misses you.
You climb upwards.
There is a stone staircase leading down here.
You start resting.
You are no longer glowing.
You climb downwards.
Level annotation: Dowan
There is a stone staircase leading up here.
You hit Dowan.
Dowan is lightly wounded.
Dowan closely misses you. Dowan hits you with a +0 dagger.
You sock Dowan!
Dowan looks as sick as possible!
Dowan is severely wounded.
Dowan casts a spell at you. The shard of ice hits you!!
You are too injured to fight recklessly!
You are too injured to fight recklessly!
You are too injured to fight recklessly!
You closely miss Dowan.
Dowan is severely wounded.
Dowan barely misses you.
Dowan points at you and mumbles some strange words.
The shard of ice hits you!!
Ouch! That really hurt!
You die...

# #. # #.. .
#..# . #..#
. ### #..# .
#..##..# .
##.....### .
#..[@e...###
.
#..........#
.
#.........##
.
#.........#
#
##.......##
# #......##
#.....##
#....##
#...##


You could see Dowan (fast, extremely poisoned).

Vanquished Creatures
  Duvessa (D:4)
  A hound (D:3)
  Jessica (D:3)
  Ijyb (D:3)
  An orc wizard (D:3)
  A gnoll (D:1)
  3 adders
  3 worms (D:3)
  A dart slug (D:1)
  4 orcs (D:3)
  6 endoplasms
  2 giant cockroaches
  6 goblins
  7 hobgoblins
  4 jackals (D:3)
  3 quokkas
  3 ball pythons
  11 bats
  3 frilled lizards
  7 kobolds
  4 rats
73 creatures vanquished.

Notes
Turn   | Place    | Note
-------+----------+-------------------------------------------
     0 | D:1      | MisterFreud the Formicid Gladiator began the quest for the
                  | Orb.
     0 | D:1      | Reached XP level 1. HP: 16/16 MP: 1/1
   188 | D:1      | Reached XP level 2. HP: 22/22 MP: 2/2
   554 | D:1      | Reached skill level 4 in Staves
   554 | D:1      | Reached XP level 3. HP: 15/27 MP: 3/3
  1051 | D:2      | Reached XP level 4. HP: 33/33 MP: 4/4
  1355 | D:2      | Found a sparkling altar of Nemelex Xobeh.
  1388 | D:2      | Reached skill level 5 in Staves
  1999 | D:3      | Noticed Jessica
  2008 | D:3      | Killed Jessica
  2009 | D:3      | Reached XP level 5. HP: 20/38 MP: 5/5
  2391 | D:3      | Noticed Ijyb
  2708 | D:3      | Killed Ijyb
  2709 | D:3      | Reached skill level 6 in Staves
  2969 | D:3      | Found a shadowy altar of Dithmenos.
  2976 | D:3      | Found a faded altar of an unknown god.
  3012 | D:3      | Reached skill level 1 in Evocations
  3018 | D:3      | Found an iron altar of Okawaru.
  3023 | D:3      | Found an ancient bone altar of Kikubaaqudgha.
  3059 | D:3      | Found a burning altar of Makhleb.
  3165 | D:3      | Reached XP level 6. HP: 44/44 MP: 6/6
  3170 | D:3      | Found Abanwu's Antique Armour Shoppe.
  3184 | D:3      | Reached skill level 1 in Armour
  3383 | D:4      | Noticed Duvessa
  3383 | D:4      | Noticed Dowan
  3393 | D:4      | Killed Duvessa
  3420 | D:4      | Killed from afar by Dowan

Illustrated notes

Levels and vault maps discovered:
D:1:      psy_arrival_wood_between_worlds, layout_basic
D:2:      layout_basic, basic_altar, grunt_ministairs_14
D:3:      layout_basic, grunt_temple_overflow_open, bloody_makhleb,
          hellmonk_ecumenical_altar_lost_god, serial_shops, shop,
          kennysheep_generic_room_10, uniq_jessica, uniq_ijyb
D:4:      layout_cave_pods, mainiacjoe_overflow_divided_tiny, uniq_sigmund,
          uniq_eustachio, uniq_duvessa

Skill      XL: |  1  2  3  4  5  6 |
---------------+-------------------+-----
Staves         | 4 5 6 |  6.0
Evocations     | 1 2 |  2.8
Armour         | 2 |  2.4
Fighting       | |  2.1
Throwing       | |  2.0
Dodging        | |  2.6

Action                   |  1- 3 |  4- 6 || total
-------------------------+-------+-------++-------
Melee: Quarterstaff      |    59 |   110 ||   169
       Punch             |     1 |       ||     1
  Use: Scroll            |     4 |     5 ||     9
 Stab: Sleeping          |       |     1 ||     1
Armor: Leather armour    |    32 |    19 ||    51
       Chain mail        |       |    18 ||    18
Dodge: Dodged            |    43 |    63 ||   106
